 Seeded DCSS version 0.27.1-4-g1640c2035a (webtiles) character file.

Game seed: 20211113 (custom seed)

84 abrahamlauer the Sneak (level 4, -4/30 HPs)
             Began as a Vampire Enchanter on Nov 13, 2021.
             Slain by an iguana (12 damage)
             ... on level 4 of the Dungeon on Nov 17, 2021.
             The game lasted 00:19:57 (3077 turns).

abrahamlauer the Sneak (Vampire Enchanter)          Turns: 3077, Time: 00:19:58

Health: -4/30      AC:  3    Str:  7    XL:     4   Next: 23%
Magic:  6/7        EV: 12    Int: 17    God:
Gold:   86         SH:  0    Dex: 15    Spells: 4/8 levels left

rFire    . . .     SeeInvis +   a - +1 dagger
rCold    . . .     Faith    .   (no shield)
rNeg     . . .     Spirit   .   f - +0 leather armour
rPois    .         Reflect  .   (no helmet)
rElec    .         Harm     .   r - scarf {repulsion}
rCorr    .         Rampage  .   (no gloves)
Will     .....                  (no boots)
Stlth    +++.......             (no amulet)
HPRegen  0.30/turn              (no ring)
MPRegen  0.10/turn              (no ring)

@: healing quickly, repel missiles
A: alive, fangs 3, see invisible, vampiric 2
a: Exsanguinate


You were on level 4 of the Dungeon.
You visited 1 branch of the dungeon, and saw 4 of its levels.

You collected 86 gold pieces.

Inventory:

Hand Weapons
 a - a +1 dagger (weapon)
 i - a +0 rapier
Armour
 f - a +0 leather armour (worn)
 r - a scarf of repulsion (worn)
Wands
 g - a wand of flame (26)
Scrolls
 c - 2 scrolls of identify {unknown}
 d - 2 scrolls of teleportation {unknown}
 e - a scroll of fog {unknown}
 k - a scroll of fear {unknown}
 m - 2 scrolls of blinking {unknown}
 p - a scroll of magic mapping {unknown}
Potions
 b - 2 potions of curing {unknown}
 h - a potion of haste {unknown}
 j - a potion of flight {unknown}
 l - a potion of mutation {unknown}
 n - 2 potions of might {unknown}
 o - a potion of lignification {unknown}
 q - a potion of brilliance {unknown}


   Skills:
 + Level 2.2 Short Blades
 + Level 3.0 Dodging
 + Level 5.3 Stealth
 + Level 2.5 Spellcasting
 + Level 5.1 Hexes


You had 4 spell levels left.
You knew the following spells:

 Your Spells              Type           Power      Damage    Failure   Level
a - Corona                Hex            21%        N/A       3%          1
b - Tukima's Dance        Hex            19%        N/A       10%         3

Your spell library contained the following spells:

 Spells                   Type           Power      Damage    Failure   Level
 Confusing Touch          Hex            19%        N/A       10%         3
 Ensorcelled Hibernation  Hex/Ice        20%        N/A       14%         2
 Dazzling Flash           Conj/Hex       20%        N/A       28%         3
 Fireball                 Conj/Fire      1%         3d3       100%        5
 Iskenderun's Battlesphe  Conj           2%         2d6       100%        5
 Conjure Ball Lightning   Conj/Air       1%         3x3d6     100%        6
 Orb of Destruction       Conj           1%         N/A       100%        7


Dungeon Overview and Level Annotations

Branches:
Dungeon (4/15)
 Temple: D:4-7

Altars:


Innate Abilities, Weirdness & Mutations

Your natural rate of healing is accelerated.
You have razor-sharp teeth.
You have supernaturally acute eyesight. (SInv)
You are afflicted with vampirism and can become a bat while bloodless.


Message History

You climb downwards.
You hear the sound of rushing water.
There is an entrance to a sewer on this level.
Hurry and find it before the portal rusts away!
Found 8 javelins.
There is a stone staircase leading up here.
A scorpion comes into view.
The ball python hisses angrily.
There is a stone staircase leading up here.
You climb upwards.
There is a stone staircase leading down here.
There is a stone staircase leading down here.
You climb downwards.
You hear the sound of rushing water.
There is an entrance to a sewer on this level.
Hurry and find it before the portal rusts away!
Found 6 gold pieces.
Found a stone staircase leading down.
There is a stone staircase leading up here.
An iguana comes into view.
Found 14 bolts.
You see here 6 gold pieces.
You now have 86 gold pieces (gained 6).
Cast which spell? (? or * to list)
Aiming: Corona (safe; 3% risk of failure)
Press: ? - help, Shift-Dir - straight line, f - iguana
Aim: an iguana (chance to affect: 66%)
The iguana is outlined in light.
You hit the iguana but do no damage. The iguana closely misses you.
You hit the iguana but do no damage. The iguana misses you.
You hit the iguana but do no damage. The iguana bites you!
You hit the iguana but do no damage. You bite the iguana, but do no damage.
The iguana completely misses you.
You hit the iguana.
The iguana is moderately wounded.
The iguana bites you!
* * * LOW HITPOINT WARNING * * *
You hit the iguana but do no damage.
The iguana is moderately wounded.
You hit the iguana but do no damage.
The iguana is moderately wounded.
The iguana bites you!
You die...

## .. #. # ##
#. .###.##
#.###.##>..(..
#.............
#l..## #@...#
#....# #...<#
#........#
#..####..#
#... ....
♣≈... .##.#
#≈≈... .. .
♣♣≈..≈♣ #.


You could see an iguana (corona).

Vanquished Creatures
  2 adders (D:3)
  A dart slug (D:1)
  2 orcs (D:3)
  6 ball pythons
  3 endoplasms
  3 giant cockroaches
  3 goblins
  6 hobgoblins
  4 jackals (D:2)
  3 quokkas
  4 bats
  4 frilled lizards
  8 kobolds
  3 rats
52 creatures vanquished.

Vanquished Creatures (collateral kills)
  3 orcs (D:3)
  A giant cockroach (D:2)
4 creatures vanquished.

Grand Total: 56 creatures vanquished

Notes
Turn   | Place    | Note
-------+----------+-------------------------------------------
     0 | D:1      | abrahamlauer the Vampire Enchanter began the quest for the
                  | Orb.
     0 | D:1      | Reached XP level 1. HP: 13/13 MP: 3/3
    91 | D:1      | Reached XP level 2. HP: 19/19 MP: 5/5
   460 | D:1      | Found a faded altar of an unknown god.
  1056 | D:2      | Gained mutation: You are afflicted with vampirism and can
                  | become a bat while bloodless. [Vampire growth]
  1056 | D:2      | Reached XP level 3. HP: 20/24 MP: 4/6
  1507 | D:2      | Learned a level 3 spell: Tukima's Dance
  1594 | D:2      | Reached skill level 5 in Stealth
  2388 | D:3      | Reached skill level 5 in Hexes
  2547 | D:3      | Reached XP level 4. HP: 30/30 MP: 7/7
  3033 | D:4      | Noticed a scorpion
  3077 | D:4      | Slain by an iguana

Illustrated notes

Levels and vault maps discovered:
D:1:      erik_arrival_cave_to_civilisation [erik_arrival_cave_to_hall],
          layout_loops_ring, hellmonk_ecumenical_altar_arch_garden,
          chequers_serial_rivers_marsh
D:2:      wander_river, layout_basic, st_stairs_12, corexii_leaking_fountain,
          chequers_serial_rivers_room_b, interstate_on_off,
          minmay_misc_feat_plants
D:3:      layout_loops_ring, hex_medium
D:4:      layout_basic, mainiacjoe_overflow_catwalk, minmay_temple_entry_ruins,
          gup_sewer_entry_pipe, serial_bayou_ford_a,
          chequers_serial_rivers_micro_a

Skill      XL: |  1  2  3  4 |
---------------+-------------+-----
Stealth        | 5 |  5.3
Short Blades   | 2 |  2.2
Hexes          | 5 |  5.1
Dodging        | 3 |  3.0
Spellcasting   | |  2.5

Action                   |  1- 3 |  4- 6 || total
-------------------------+-------+-------++-------
Melee: Dagger            |   200 |    28 ||   228
       Bite              |    16 |     3 ||    19
 Cast: Corona            |    22 |     2 ||    24
       Tukima's Dance    |     1 |     2 ||     3
 Stab: Sleeping          |    18 |     1 ||    19
Armor: Robe              |     6 |       ||     6
       Leather armour    |    29 |     1 ||    30
Dodge: Dodged            |    99 |    11 ||   110
